 Dungeon Crawl Stone Soup version 0.31-a0-523-g071a6c1ffa (webtiles) character file.

Game seed: 15961410503995263041

693 mopl the Insei (level 7, -4/46 HPs)
             Began as an Octopode Shapeshifter on Aug 11, 2023.
             Slain by a sky beast (5 damage)
             ... on level 5 of the Dungeon.
             The game lasted 00:03:41 (2967 turns).

mopl the Insei (Octopode Shapeshifter)              Turns: 2967, Time: 00:03:41

Health: -4/46      AC:  1    Str: 14    XL:     7   Next: 64%
Magic:  7/7        EV: 14    Int: 11    God:
Gold:   238        SH:  0    Dex: 14    Spells: 6/6 levels left

rFire   . .          .
                       - Unarmed
rCold   . . .        (no shield)
rNeg    . . .        (helmet currently unavailable)
rPois   .            (no amulet)
rElec   .            (no ring)
rCorr   .            (no ring)
SInv    .            (no ring)
Will    .....        (no ring)
Stlth   ++           (no ring)
HPRegen 0.27/turn    (no ring)
MPRegen 0.10/turn    (no ring)
                     (no ring)

%: no passive effects
@: beast-form
A: beast (slay +3), almost no armour, amphibious, 8 rings, camouflage 1,
gelatinous body 1, (nimble swimmer 1), tentacles
a: Begin Untransformation


You were on level 5 of the Dungeon.
You were a hulking beast.
You visited 1 branch of the dungeon, and saw 5 of its levels.

You collected 238 gold pieces.

Inventory:

Missiles
 i - 18 poisoned darts (quivered)
 k - 4 atropa-tipped darts
 t - 9 boomerangs
 w - 2 javelins
Talismans
 b - a beast talisman (active)
 c - a flux talisman
Wands
 o - a wand of roots (2)
Scrolls
 g - a scroll of enchant weapon {unknown}
 j - 2 scrolls of immolation {unknown}
 l - a scroll of fog {unknown}
 q - 2 scrolls of teleportation {unknown}
 r - a scroll of poison {unknown}
 s - 2 scrolls of blinking {unknown}
 u - a scroll of revelation {unknown}
 v - a scroll of vulnerability {unknown}
Potions
 a - a potion of lignification {!q}
 d - 4 potions of haste {unknown}
 e - 3 potions of heal wounds {unknown}
 f - a potion of mutation {!q}
 h - a potion of might
 m - a potion of brilliance
 n - 2 potions of curing
 p - a potion of berserk rage {!q}


   Skills:
 + Level 3.1 Fighting
 + Level 3.7 Dodging
 * Level 5.5 Unarmed Combat
 * Level 4.9 Shapeshifting


You had 6 spell levels left.
You didn't know any spells.
Your spell library contained the following spells:

 Spells                   Type           Power      Damage    Failure   Level
 Foxfire                  Conj/Fire      0%         2x1d4     34%         1
 Plasma Beam              Fire/Air       0%         2x1d10    100%        6
 Starburst                Conj/Fire      0%         6d3       100%        6


Dungeon Overview and Level Annotations

Branches:
Dungeon (5/15)
 Temple: D:4-7

Altars:
Xom


Innate Abilities, Weirdness & Mutations

You are a hulking beast.
Your limbs bulge with bestial killing power. (Slay +3)
You cannot wear most types of armour.
You are amphibious.
You can wear up to eight rings at the same time.
Your skin changes colour to match your surroundings (Stealth+).
Your rubbery body absorbs attacks. (AC +1, EV +1)
((You are camouflaged when in or above water. (Stealth+)))
You have tentacles for arms and can constrict up to eight enemies at once.


Message History

The sky beast misses you.
You tentacle-slap the sky beast.
The sky beast is heavily wounded.
The sky beast barely misses you.
You closely miss the sky beast. You squeeze the sky beast.
The sky beast is heavily wounded.
The sky beast hits you. The sky beast shocks you.
You closely miss the sky beast.
The sky beast is heavily wounded.
The sky beast hits you. The sky beast shocks you.
You are too injured to fight recklessly!
You are too injured to fight recklessly!
You are too injured to fight recklessly!
You are too injured to fight recklessly!
You are too injured to fight recklessly!
You are too injured to fight recklessly!
You are too injured to fight recklessly!
You are too injured to fight recklessly!
You are too injured to fight recklessly!
You are too injured to fight recklessly!
You are too injured to fight recklessly!
You are too injured to fight recklessly!
You are too injured to fight recklessly!
You barely miss the sky beast. Your squeeze misses the sky beast.
The sky beast is heavily wounded.
You tentacle-slap the sky beast.
The sky beast is severely wounded.
The sky beast flickers out of sight!
Deactivating autopickup; reactivate with Ctrl-A.
Something completely misses you.
You miss something. Something hits you. Something shocks you.
* * * LOW HITPOINT WARNING * * *
You tentacle-slap something. Your squeeze misses something. Something hits you.
* * * LOW HITPOINT WARNING * * *
Something shocks you.
* * * LOW HITPOINT WARNING * * *
You barely miss something. Your squeeze misses something. Something hits you.
* * * LOW HITPOINT WARNING * * *
Something shocks you.
You die...

#####........# #..>......##.#
#............##############.#
#.###........#.. .######.##
##.###.....####.# ..........
#...####.### #.# ########.##
###.#.####.# ##.##
#.......... #...#.<.##.#
###...####.#########
#.#####.##.# #.{.#....#.#
#...#...##.# #h..##.#.#
###.#.####.# ##.###..>#
)).....###.# #.....#.#
#.#####....# ####.###.#
##)###.##### #.## #.. ##.#.##
## ### ##..# ##.# #.#


There were no monsters in sight!

Vanquished Creatures
  An ogre (D:4)
  2 phantoms
  A kobold brigand (D:5)
  A scorpion (D:4)
  2 hounds (D:4)
  Terence (D:2)
  Natasha (D:3)
  2 iguanas (D:4)
  2 orc wizards
  2 adders
  2 worms (D:2)
  6 dart slugs
  6 orcs
  5 ball pythons
  2 bats (D:2)
  5 endoplasms
  6 giant cockroaches
  9 goblins
  9 hobgoblins
  6 jackals
  12 kobolds
  5 quokkas
  2 frilled lizards
  5 rats
95 creatures vanquished.

Notes
Turn   | Place    | Note
-------+----------+-------------------------------------------
     0 | D:1      | mopl the Octopode Shapeshifter began the quest for the Orb.
     0 | D:1      | Reached XP level 1. HP: 13/13 MP: 1/1
     1 | D:1      | You fall into a shaft and drop 1 floor!
    81 | D:2      | Reached XP level 2. HP: 18/18 MP: 2/2
    83 | D:2      | Identified the +8 plate armour of Focus {Dex+3 SInv}
   248 | D:1      | Reached XP level 3. HP: 23/23 MP: 3/3
   934 | D:2      | Reached XP level 4. HP: 16/28 MP: 4/4
  1342 | D:3      | Noticed Terence
  1362 | D:2      | Killed Terence
  1463 | D:2      | Reached skill level 4 in Unarmed Combat
  1463 | D:2      | Reached XP level 5. HP: 17/34 MP: 5/5
  1547 | D:3      | Reached skill level 2 in Fighting
  1643 | D:3      | Noticed Natasha
  1650 | D:3      | Killed Natasha
  1703 | D:3      | Reached skill level 4 in Shapeshifting
  1781 | D:3      | Found a shimmering altar of Xom.
  1968 | D:4      | Reached XP level 6. HP: 36/39 MP: 6/6
  1990 | D:4      | Reached skill level 3 in Dodging
  2017 | D:4      | Identified the +0 robe of Jocular Mirth {Str+3}
  2232 | D:4      | Reached skill level 5 in Unarmed Combat
  2245 | D:4      | Reached XP level 7. HP: 38/45 MP: 7/7
  2457 | D:4      | Identified the +0 cloak "Ateang" {rF- rC+ rCorr}
  2721 | D:5      | Entered Level 5 of the Dungeon
  2758 | D:5      | Reached skill level 3 in Fighting
  2967 | D:5      | HP: 1/46 [something (4)]
  2967 | D:5      | Slain by a sky beast

Illustrated notes

Levels and vault maps discovered:
D:1:      lemuel_arrival_river_ford, layout_rooms, chequers_arboretum,
          minmay_misc_feat_doors
D:2:      layout_basic
D:3:      layout_rooms, xom_teletrap_fun, uniq_terence, uniq_natasha
D:4:      layout_gridville
D:5:      layout_loops_ring, gammafunk_temple_overflow_pools

Skill      XL: |  1  2  3  4  5  6  7 |
---------------+----------------------+-----
Unarmed Combat | 4 5 |  5.5
Fighting       | 2 3 |  3.1
Shapeshifting  | 4 |  4.9
Dodging        | 3 |  3.7

Action                     |  1- 3 |  4- 6 |  7- 9 || total
---------------------------+-------+-------+-------++-------
  Melee: Unarmed           |    82 |    83 |    51 ||   216
         Constrict         |    22 |    21 |    10 ||    53
         Tentacles         |    13 |    21 |    10 ||    44
         Punch             |       |     5 |     1 ||     6
  Throw: Dart              |       |       |     4 ||     4
    Use: Scroll            |       |       |     5 ||     5
   Stab: Sleeping          |     5 |     1 |     3 ||     9
         Distracted        |       |       |     1 ||     1
 Armour: Skin              |     5 |     3 |       ||     8
  Dodge: Dodged            |    62 |    47 |    23 ||   132

Table legend: (Time is in decaauts)
 A = Elapsed time spent in this place.
 B = Non-inter-level travel time spent in this place.
 C = Inter-level travel time spent in this place.
 D = Time resting spent in this place.
 E = Time spent auto-exploring this place.
 F = Levels seen in this place.
 G = Mean time per level.
                   A        B        C        D        E       F      G
               +--------+--------+--------+--------+--------+-----+--------+
         Total |   2952 |   2891 |     61 |    352 |   1887 |   5 |  590.4 |
       Dungeon |   2952 |   2891 |     61 |    352 |   1887 |   5 |  590.4 |
               +--------+--------+--------+--------+--------+-----+--------+

Top non-repeatable levels by time:
     D:2: 882 daAuts
     D:4: 796 daAuts
     D:1: 630 daAuts
     D:3: 401 daAuts
     D:5: 242 daAuts
